 Dungeon Crawl Stone Soup version 0.20.1-1-g8b1a95d (webtiles) character file.

319 Knicklaso the Slasher (level 6, -5/48 HPs)
             Began as a Demonspawn Chaos Knight on July 23, 2017.
             Killed by divine providence
             ... invoked by an orc priest
              (9 damage)
             ... on level 5 of the Dungeon.
             The game lasted 00:10:12 (3507 turns).

Knicklaso the Slasher (Demonspawn Chaos Knight)     Turns: 3507, Time: 00:10:13

Health: -5/48      AC: 10    Str: 15      XL:     6   Next: 21%
Magic:  6/6        EV: 12    Int: 11      God:    Xom [..*...]
Gold:   167        SH:  0    Dex: 11 (12) Spells: 5/5 levels left

rFire    . . .     SeeInvis .   v - +0 great sword
rCold    . . .     Gourm    .   (shield currently unavailable)
rNeg     . . .     Faith    .   b - +2 leather armour
rPois    .         Spirit   .   j - +2 helmet
rElec    .         Reflect  .   (no cloak)
rCorr    .         Harm     .   s - +2 pair of gloves
MR       .....                  (no boots)
Stlth    ++........             (no amulet)
Regen    0.2/turn               (no ring)
MPRegen  0.1/turn               (no ring)

@: no status effects
A: claws 1, talons 1, deformed body, demonic guardian 1, deterioration 2, dopey
1, nightstalker 1
a: Renounce Religion


You were on level 5 of the Dungeon.
You worshipped Xom.
You were a toy of Xom.
You were not hungry.

You visited 1 branch of the dungeon, and saw 5 of its levels.

You collected 167 gold pieces.

Inventory:

Hand Weapons
 a - a +0 falchion of chaos
 v - a +0 great sword (weapon)
Armour
 b - a +2 leather armour (worn)
 j - a +2 helmet (worn)
 s - a +2 pair of gloves (worn)
Jewellery
 n - an uncursed ring of protection from magic {unknown}
 u - a cursed amulet of inaccuracy {unknown}
Wands
 q - a wand of lightning (5/15)
 y - a wand of paralysis (14/24)
Scrolls
 e - a scroll of fear {unknown}
 h - a scroll of teleportation {unknown}
 i - a scroll of blinking {unknown}
 k - 8 scrolls of identify {unknown}
 o - a scroll of fog {unknown}
 r - a scroll of recharging {unknown}
 t - 2 scrolls of noise {unknown}
Potions
 d - 3 potions of curing
 g - 2 potions of magic {unknown}
 m - a potion of lignification {unknown}
 p - a potion of mutation {unknown}
 x - a potion of haste {unknown}
Comestibles
 c - 4 bread rations
 f - 4 fruits
 l - a royal jelly
 w - 3 chunks of flesh


   Skills:
 + Level 4.0 Fighting
 * Level 4.3 Long Blades
 + Level 3.1 Armour
 + Level 2.4 Dodging
 + Level 1.1 Evocations


You had 5 spell levels left.
You didn't know any spells.

Dungeon Overview and Level Annotations

Branches:
Dungeon (5/15)
 Temple: D:4-7

Altars:
Dithmenos
Elyvilon
Hepliaklqana
Makhleb
Sif Muna
Vehumet
Yredelemnul
Zin


Innate Abilities, Weirdness & Mutations

You have sharp fingernails.
You have sharp toenails.
A weak demonic guardian rushes to your aid.
You are slightly more attuned to the shadows.
Armour fits poorly on your strangely shaped body.
Your body often deteriorates upon taking damage.
You are dopey. (Int -2)


Message History

The orc priest hits you from afar with a trident!
* * * LOW HITPOINT WARNING * * *
You barely miss something. You claw something.
You hear some strange, mumbled words.
A magic dart appears from out of thin air!
The magic dart hits you!
* * * LOW HITPOINT WARNING * * *
The orc priest hits you from afar with a trident.
* * * LOW HITPOINT WARNING * * *
The crimson imp blinks!
You hear some strange, mumbled words.
A magic dart appears from out of thin air!
The magic dart hits you!
* * * LOW HITPOINT WARNING * * *
You miss something. The orc priest barely misses you.
Something hits you but does no damage.
You miss something. You claw something.
The orc priest calls down the wrath of Beogh upon you.
Beogh smites you!
You die...

#....
#####$..#####
#...........#
...........
.5o..5.
#){)#####
#.@......
#.5.#####
#...# # ##.##
.##. #.#
....######.##
##..........#
.......###.##
....##.#####


You could see an orc priest, a crimson imp and 2 friendly shadow imps.

Vanquished Creatures
  3 hounds (D:4)
  A worker ant (D:4)
  An iguana (D:4)
  A hound skeleton (D:4)
  2 adders (D:4)
  A worm (D:2)
  3 leopard geckos
  6 orcs
  6 giant cockroaches
  3 hobgoblins
  7 jackals
  A quokka (D:3)
  A ball python (D:1)
  5 bats
  8 frilled lizards
  8 goblins
  8 kobolds
  5 rats
  A spectral orc (D:3)
71 creatures vanquished.

Vanquished Creatures (collateral kills)
  A scorpion (D:3)
  A gnoll (D:3)
  An ooze (D:1)
  A worm (D:3)
  3 orcs (D:5)
  2 bats
9 creatures vanquished.

Vanquished Creatures (others)
  A phantom (D:4)
  2 gnolls (D:3)
  A jackal (D:3)
4 creatures vanquished.

Grand Total: 84 creatures vanquished

Notes
Turn   | Place    | Note
-------+----------+-------------------------------------------
     0 | D:1      | Knicklaso the Demonspawn Chaos Knight began the quest for the Orb.
     0 | D:1      | Reached XP level 1. HP: 18/18 MP: 1/1
   174 | D:1      | XOM: mild Chrm miscast
   365 | D:1      | XOM: butterfly on damage
   490 | D:1      | XOM: enchant monster (good)
   494 | D:1      | Reached skill level 1 in Dodging
   494 | D:1      | Gained mutation: A weak demonic guardian rushes to your aid. [demonic ancestry]
   494 | D:1      | Reached XP level 2. HP: 18/24 MP: 2/2
   496 | D:1      | XOM: mild Tmut miscast
   884 | D:1      | XOM: enchant monster (bad)
   919 | D:1      | XOM: polymorph rat -> ball python
  1114 | D:2      | XOM: noise
  1115 | D:2      | XOM: polymorph adder -> jackal
  1126 | D:2      | Gained mutation: You have sharp toenails. [demonic ancestry]
  1126 | D:2      | Reached XP level 3. HP: 26/29 MP: 3/3
  1135 | D:2      | Found a white marble altar of Elyvilon.
  1259 | D:2      | XOM: mild Tloc miscast
  1494 | D:2      | XOM: give mutations
  1494 | D:2      | Gained mutation: Your body sometimes deteriorates upon taking damage. [Xom's mischief]
  1494 | D:2      | Gained mutation: You are dopey. (Int -2) [Xom's mischief]
  1494 | D:2      | Gained mutation: Armour fits poorly on your strangely shaped body. [Xom's mischief]
  1647 | D:3      | XOM: medium Air miscast
  1876 | D:3      | Noticed a scorpion
  1889 | D:3      | Killed a scorpion
  1889 | D:3      | Gained mutation: You have sharp fingernails. [demonic ancestry]
  1889 | D:3      | Reached XP level 4. HP: 8/36 MP: 4/4
  2348 | D:3      | Found a basalt altar of Yredelemnul.
  2348 | D:3      | XOM: 4-stop teleportation journey
  2472 | D:3      | Found a hazy altar of Hepliaklqana.
  2492 | D:3      | XOM: harmless Pois miscast
  2796 | D:4      | Gained mutation: You are slightly more attuned to the shadows. [demonic ancestry]
  2796 | D:4      | Reached XP level 5. HP: 34/42 MP: 5/5
  2877 | D:4      | XOM: stat loss: -1 Int (10/11)
  2903 | D:4      | XOM: give mutation
  2903 | D:4      | Gained mutation: Your body often deteriorates upon taking damage. [Xom's mischief]
  2911 | D:4      | Found a shadowy altar of Dithmenos.
  2911 | D:4      | Noticed a phantom
  2915 | D:4      | Killed a phantom
  2915 | D:4      | XOM: divine lightning
  3003 | D:4      | Found a deep blue altar of Sif Muna.
  3113 | D:4      | Found a burning altar of Makhleb.
  3116 | D:4      | Found a radiant altar of Vehumet.
  3119 | D:4      | Found a glowing silver altar of Zin.
  3284 | D:4      | Reached skill level 1 in Evocations
  3284 | D:4      | Reached XP level 6. HP: 48/48 MP: 6/6
  3343 | D:4      | XOM: scenery: 1 doors close
  3463 | D:5      | Entered Level 5 of the Dungeon
  3507 | D:5      | Killed from afar by an orc priest

Skill      XL: |  1  2  3  4  5 |
---------------+----------------+-----
Armour         | 2 3 |  3.1
Dodging        | 1 2 |  2.4
Long Blades    | 3 4 |  4.3
Fighting       | 4 |  4.0
Evocations     | 1 |  1.1

Action                   |  1- 3 |  4- 6 || total
-------------------------+-------+-------++-------
Melee: Falchion          |   102 |    80 ||   182
       Kick              |     6 |    35 ||    41
       Great sword       |       |    34 ||    34
  Use: Potion            |     1 |     1 ||     2
 Stab: Distracted        |     1 |       ||     1
       Paralysed         |     1 |       ||     1
       Petrified         |       |     4 ||     4
       Sleeping          |       |     3 ||     3
  Eat: Chunk             |     3 |     5 ||     8
Armor: Leather armour    |    83 |    41 ||   124
Dodge: Dodged            |    56 |    73 ||   129
       Rpst.: Falchion   |    12 |     8 ||    20
       Great sword       |       |    11 ||    11
